 Dungeon Crawl Stone Soup version 0.27-a0-931-g5a74e75d8f (webtiles) character file.

Game seed: 14014106496123605351

28 Alarkh the Insei (level 3, 28/28 HPs)
             Began as a Demonspawn Gladiator on Apr 10, 2021.
             Got out of the dungeon alive.
             The game lasted 00:01:03 (835 turns).

Alarkh the Insei (Demonspawn Gladiator)              Turns: 835, Time: 00:01:04

Health: 28/28      AC:  3    Str: 14    XL:     3   Next: 0%
Magic:  3/3        EV: 12    Int: 10    God:
Gold:   90         SH:  0    Dex: 14    Spells: 2/2 levels left

rFire    . . .     SeeInvis .     - Unarmed
rCold    . . .     Faith    .   (no shield)
rNeg     . . .     Spirit   .   a - +0 leather armour
rPois    .         Reflect  .   (helmet restricted)
rElec    .         Harm     .   (no cloak)
rCorr    .         Rampage  .   (no gloves)
Will     .....                  (no boots)
Stlth    +.........             d - amulet of regeneration
HPRegen  1.09/turn              (no ring)
MPRegen  0.08/turn              (no ring)

@: no status effects
A: antennae 1, foul stench 1
a: no special abilities


You escaped.
You visited 1 branch of the dungeon, and saw 2 of its levels.

You collected 90 gold pieces.

Inventory:

Missiles
 c - 3 throwing nets (quivered)
Armour
 a - a +0 leather armour (worn)
 b - a +0 helmet
Jewellery
 d - an amulet of regeneration (around neck)
Scrolls
 f - 3 scrolls of magic mapping {unknown}
 k - a scroll of identify {unknown}
Potions
 e - a potion of brilliance {unknown}
 g - a potion of lignification {unknown}
 h - 2 potions of haste {unknown}
 i - a potion of flight {unknown}
 j - a potion of might {unknown}


   Skills:
 + Level 2.5 Fighting
 - Level 1.7 Throwing
 - Level 2.6 Dodging
 * Level 3.5 Unarmed Combat


You had 2 spell levels left.
You didn't know any spells.
Your spell library was empty.

Dungeon Overview and Level Annotations

Branches:
Dungeon (2/15)

Altars:


Innate Abilities, Weirdness & Mutations

You have a pair of small antennae on your head.
You may rarely emit foul miasma when damaged in melee.


Message History

No target in view!
No target in view!
No target in view!
No target in view!
No target in view!
No target in view!
No target in view!
No target in view!
No target in view!
A ball python comes into view.
A ball python is nearby!
A ball python is nearby!
You hit the ball python.
The ball python is severely wounded.
The ball python bites you. The ball python barely misses you.
You closely miss the ball python.
The ball python is severely wounded.
The ball python bites you but does no damage.
The ball python closely misses you.
You barely miss the ball python.
The ball python is severely wounded.
The ball python bites you but does no damage.
The ball python grabs you. The ball python constricts you.
You hit the ball python.
You kill the ball python!
You have reached level 3!
Your experience leads to an increase in your attributes!
Increase (S)trength, (I)ntelligence, or (D)exterity?
You feel clever.
Your demonic ancestry asserts itself...
A pair of antennae grows on your head!
Your +0 helmet falls away!
(D) Dungeon
Where to? (Enter - D:2, ? - help)
There is a stone staircase leading up here.
You climb upwards.
There is a stone staircase leading down here.
Unknown command.
There is a staircase leading out of the dungeon here.
Are you sure you want to leave the Dungeon?
This will make you lose the game!
You have escaped!

###.##.#..######..≈...###...#####
....##.#..# ##.≈.≈.............
######....# ##..≈.≈..####.......
####.# #..≈..≈..####.......
#..####.≈...≈.............
#..#....≈(..≈.#####.#.....
#.#..≈≈.≈.....# #.#.....
#...≈...≈.≈...# #.#.....
#..≈....≈@.≈..# #.#.....
##..≈......≈..# #.......
##..≈≈≈≈≈.≈..# ##.##+##
##.......≈..# #.##.# ####.≈...≈.#
#.##.# #..≈..≈.# #..#.# ###.≈.≈.#
##.#.## #.≈.≈.# #..... #..≈..#
##....


There were no monsters in sight!

Vanquished Creatures
  A dart slug (D:1)
  2 bats
  A giant cockroach (D:2)
  5 goblins
  3 hobgoblins
  2 kobolds (D:1)
  A quokka (D:1)
  3 ball pythons
  2 frilled lizards (D:1)
  5 rats (D:1)
25 creatures vanquished.

Notes
Turn   | Place    | Note
-------+----------+-------------------------------------------
     0 | D:1      | Alarkh the Demonspawn Gladiator began the quest for the
                  | Orb.
     0 | D:1      | Reached XP level 1. HP: 16/16 MP: 1/1
   320 | D:1      | Reached skill level 3 in Unarmed Combat
   341 | D:1      | Gained mutation: You may rarely emit foul miasma when
                  | damaged in melee. [demonic ancestry]
   341 | D:1      | Reached XP level 2. HP: 22/22 MP: 2/2
   788 | D:2      | Gained mutation: You have a pair of small antennae on your
                  | head. [demonic ancestry]
   788 | D:2      | Reached XP level 3. HP: 28/28 MP: 3/3
   835 | D:$      | Got out of the dungeon alive.

Illustrated notes

Levels and vault maps discovered:
D:1:      ebering_trefoil_3fold, layout_basic
D:2:      layout_loops_cross, basic_ecumenical_altar

Skill      XL: |  1 |
---------------+----+-----
Unarmed Combat | 3 |  3.5
Fighting       | |  2.5
Throwing       | |  1.7
Dodging        | |  2.6

Action                   || total
-------------------------++-------
Melee: Unarmed           ||   123
       Punch             ||     3
 Stab: Sleeping          ||     1
Armor: Leather armour    ||    39
Dodge: Dodged            ||    69

Table legend: (Time is in decaauts)
 A = Elapsed time spent in this place.
 B = Non-inter-level travel time spent in this place.
 C = Inter-level travel time spent in this place.
 D = Time resting spent in this place.
 E = Time spent auto-exploring this place.
 F = Levels seen in this place.
 G = Mean time per level.
                   A        B        C        D        E       F      G
               +--------+--------+--------+--------+--------+-----+--------+
         Total |    829 |    771 |     58 |    194 |    379 |   2 |  414.5 |
       Dungeon |    829 |    771 |     58 |    194 |    379 |   2 |  414.5 |
               +--------+--------+--------+--------+--------+-----+--------+

Top non-repeatable levels by time:
     D:1: 683 daAuts
     D:2: 145 daAuts
